 Dungeon Crawl Stone Soup version 0.29-a0-419-g77450f2105 (webtiles) character file.

Game seed: 2899422407269416382

22721 IndexError the Frost Mage (level 13, -6/98 HPs)
             Began as a Gnoll Ice Elementalist on May 18, 2022.
             Was an Initiate of Ashenzari.
             Mangled by a catoblepas (17 damage)
             ... on level 13 of the Dungeon.
             The game lasted 00:41:53 (18245 turns).

IndexError the Frost Mage (Gnoll Ice Elementalist) Turns: 18245, Time: 00:41:54

Health: -6/98      AC: 21    Str:  9    XL:     13   Next: 2%
Magic:  14/26      EV: 14    Int: 20    God:    Ashenzari [......]
Gold:   251        SH: 11    Dex: 16    Spells: 5/30 levels left

rFire   + + .      SeeInvis +   s - +4 whip (elec)
rCold   + . .      Faith    .   u - +0 buckler {rC+}
rNeg    + . .      Spirit   .   E - +2 ring mail "Ruum" {rF+ Will++}
rPois   .          Reflect  +   y - +0 helmet {SInv}
rElec   .          Harm     .   f - +2 cloak
rCorr   .          Rampage  ∞   t - +2 pair of gloves
Will    ++...                   O - +3 pair of seven-league boots {Rampage+∞}
Stlth   ++++......              V - amulet of Ashenzari's Ethics {Reflect rF+ rN+ Str+2 Dex+3 SH+5, Bglg, Elem} (curse)
HPRegen 0.26/turn               p - ring "Jukaer" {Wiz Fly}
MPRegen 0.20/turn               a - ring of wizardry {Wiz+, !d}

@: flying, studying 2 skills
A: fangs 1, strong nose, distributed training
a: Renounce Religion, Curse Item, Shatter the Chains


You were on level 13 of the Dungeon.
You worshipped Ashenzari.
Ashenzari was noncommittal.
You visited 2 branches of the dungeon, and saw 14 of its levels.
You also visited: Gauntlet.

You collected 831 gold pieces.
You spent 580 gold pieces at shops.

Inventory:

Hand Weapons
 m - a +1 longbow of flaming
   (You took it off a minotaur in a Gauntlet)
 s - a +4 whip of electrocution (weapon)
   (You took it off a kobold on level 10 of the Dungeon)
Missiles
 r - 7 curare-tipped darts
Armour
 f - a +2 cloak (worn)
   (You found it on level 2 of the Dungeon)
 t - a +2 pair of gloves (worn)
   (You found it on level 2 of the Dungeon)
 u - a +0 buckler of cold resistance (worn)
   (You acquired it on level 9 of the Dungeon)
 y - a +0 helmet of see invisible (worn)
   (You took it off Robin on level 3 of the Dungeon)
 A - a +2 hat
   (You took it off Gastronok on level 8 of the Dungeon)
 E - the +2 ring mail "Ruum" (worn) {rF+ Will++}
   (You bought it in a shop on level 12 of the Dungeon)

   rF:        It protects you from fire.
   Will:      It greatly increases your willpower.
 L - the +2 helmet "Necs" {Will+}
   (You found it in a Gauntlet)

   Will:      It increases your willpower.
 O - the +3 pair of seven-league boots (worn) {Rampage+∞}
   (You found it in a Gauntlet)

   Its wearer moves as far as possible in that direction when moving towards
   enemies.
 T - a +2 leather armour of fire resistance
   (You took it off an orc on level 6 of the Dungeon)
 Y - the +1 helmet "Kah Epigh" {Str+2}
   (You found it on level 6 of the Dungeon)

   Str:       It affects your strength (+2).
Magical Staves
 c - a staff of air {rElec}
   (You took it off a gnoll shaman on level 8 of the Dungeon)
 J - a staff of poison {rPois}
   (You took it off a minotaur in a Gauntlet)
Jewellery
 a - a ring of wizardry (right hand) {Wiz+, !d}
   (You found it in a Gauntlet)
 p - the ring "Jukaer" (left hand) {Wiz Fly}
   (You found it in a Gauntlet)

   [ring of wizardry]

   It improves your spell success rate.
   Fly:       It grants you flight.
 B - a ring of resist corrosion
   (You found it on level 3 of the Dungeon)
 D - a ring of wizardry {Wiz+, !d}
   (You found it on level 8 of the Dungeon)
 H - a ring of protection from fire {rF+, !d}
   (You found it on level 4 of the Dungeon)
 K - an amulet of the acrobat
   (You took it off a minotaur in a Gauntlet)
 V - the cursed amulet of Ashenzari's Ethics (around neck) {Reflect rF+ rN+ Str+2 Dex+3 SH+5, Bglg, Elem}
   (You acquired it on level 8 of the Dungeon)

   [amulet of reflection]

   It reflects blocked missile attacks.
   Str:       It affects your strength (+2).
   Dex:       It affects your dexterity (+3).
   rF:        It protects you from fire.
   rN:        It protects you from negative energy.
   SH:        It affects your SH (+5).
   It has a curse which improves the following skills: Beguiling: Conjurations,
   Hexes and Translocations.
   Elements:  Fire Magic, Ice Magic, Air Magic and Earth Magic.
 W - an amulet of regeneration {+regen, !d}
   (You found it in a Gauntlet)
Wands
 I - a wand of mindburst (12)
   (You found it on level 8 of the Dungeon)
 M - a wand of acid (14)
   (You found it on level 5 of the Dungeon)
 P - a wand of polymorph (4)
   (You took it off Ijyb on level 5 of the Dungeon)
 X - a wand of iceblast (22)
   (You found it on level 6 of the Dungeon)
 Z - a wand of paralysis (3)
   (You found it in a Gauntlet)
Scrolls
 d - 4 scrolls of vulnerability {!r!r}
 h - 2 scrolls of amnesia
 i - 5 scrolls of teleportation
 v - 2 scrolls of blinking {!r}
 z - a scroll of fear
 Q - 2 scrolls of identify
 R - a scroll of poison {unknown}
 S - a scroll of enchant armour
Potions
 b - 2 potions of magic
 g - 2 potions of might
 j - a potion of ambrosia {unknown}
 k - 3 potions of attraction {!q}
 l - 2 potions of brilliance
 n - a potion of haste
 q - a potion of degeneration {!q}
 w - 7 potions of mutation {!q}
 x - 2 potions of flight
 C - 3 potions of heal wounds
 F - 3 potions of berserk rage {!q}
 N - 6 potions of curing
 U - 4 potions of cancellation
Miscellaneous
 e - a condenser vane
   (You found it on level 10 of the Dungeon)
 o - a box of beasts (inert)
   (You found it on level 11 of the Dungeon)


   Skills:
 + Level 7.8 Fighting
 + Level 7.8 Short Blades
 + Level 7.8 Long Blades
 + Level 7.8 Axes
 + Level 7.8 Maces & Flails
 + Level 7.8 Polearms
 + Level 8.0 Staves
 + Level 7.8 Slings
 + Level 7.8 Bows
 + Level 7.8 Crossbows
 + Level 7.8 Throwing
 + Level 7.8 Armour
 + Level 9.4 Dodging
 + Level 9.0 Stealth
 + Level 7.8 Shields
 + Level 7.8 Unarmed Combat
 + Level 9.4 Spellcasting
 + Level 6.5(7.0) Conjurations
 + Level 6.5(7.0) Hexes
 + Level 6.5 Summonings
 + Level 6.5 Necromancy
 + Level 6.5(7.0) Translocations
 + Level 6.5 Transmutations
 + Level 6.5(7.0) Fire Magic
 + Level 9.7(10.1) Ice Magic
 + Level 6.5(7.0) Air Magic
 + Level 6.5(7.0) Earth Magic
 + Level 6.5 Poison Magic
 + Level 8.6 Invocations
 + Level 7.8 Evocations


You had 5 spell levels left.
You knew the following spells:

 Your Spells              Type           Power      Damage    Failure   Level
a - Freeze                Ice            100%       1d11      1%          1
b - Frozen Ramparts       Ice            100%       1d12      1%          3
c - Blink                 Tloc           74%        N/A       1%          2
d - Ensorcelled Hibernat  Hex/Ice        86%        N/A       1%          2
e - Freezing Cloud        Conj/Ice/Air   20%        6-21      6%          5
f - Ignite Poison         Fire/Tmut/Pois 36%        N/A       1%          3
g - Stone Arrow           Conj/Erth      74%        3d11      1%          3
x - Mephitic Cloud        Conj/Pois/Air  36%        N/A       1%          3
A - Ozocubu's Armour      Ice            50%        N/A       1%          3

Your spell library contained the following spells:

 Spells                   Type           Power      Damage    Failure   Level
 Beastly Appendage        Tmut           70%        N/A       1%          1
 Sandblast                Erth           74%        2d16      1%          1
 Shock                    Conj/Air       100%       1d9       1%          1
 Summon Small Mammal      Summ           100%       N/A       1%          1
 Passwall                 Tmut/Erth      30%        N/A       1%          2
 Wereblood                Tmut           35%        N/A       1%          2
 Call Canine Familiar     Summ           35%        N/A       1%          3
 Conjure Flame            Conj/Fire      37%        6-21      1%          3
 Lesser Beckoning         Tloc           37%        N/A       1%          3
 Spider Form              Tmut/Pois      35%        N/A       1%          3
 Summon Guardian Golem    Hex/Summ       36%        N/A       1%          3
 Swiftness                Air            37%        N/A       1%          3
 Hailstorm                Conj/Ice       43%        3d10      1%          4
 Ice Form                 Ice/Tmut       42%        N/A       1%          4
 Summon Ice Beast         Ice/Summ       42%        N/A       1%          4
 Airstrike                Air            18%        N/A       3%          4
 Sticky Flame             Conj/Fire      37%        2d6       3%          4
 Anguish                  Hex/Necr       18%        N/A       4%          4
 Manifold Assault         Tloc           37%        N/A       10%         5


Dungeon Overview and Level Annotations

Branches:
Dungeon (13/15)            Temple (1/1) D:6            Lair (0/6) D:8
    Orc (0/2) D:10        Gauntlet (visited)
 Vaults: D:13-14

Altars:
Ashenzari
Cheibriados
Dithmenos
Elyvilon
Fedhas
Gozag
Hepliaklqana
Kikubaaqudgha
Makhleb
Nemelex Xobeh
Okawaru
Qazlal
Ru
Sif Muna
Trog
Uskayaw
Vehumet
Wu Jian
Xom
Yredelemnul
Zin
The Shining One

Shops:
D:1 *:=[*   D:3 ?   D:9 ([(   D:12 (*=*!

Portals:
Trove: D:10 (give 2 scrolls of acquirement)


Innate Abilities, Weirdness & Mutations

You have very sharp teeth.
Your uncanny sense of smell can sniff out nearby items.
Your experience applies equally to all skills.


Message History

Casting: Mephitic Cloud (safe; 1% risk of failure)
Confirm with . or Enter, or press ? or * to list all spells.
Aiming: Mephitic Cloud (safe; 1% risk of failure)
Press: ? - help, Shift-Dir - straight line The ball explodes into a vile cloud!
The stinking cloud engulfs the vampire mosquito but does no damage.
The stinking cloud engulfs the catoblepas but does no damage.
The catoblepas is engulfed in noxious fumes.
The catoblepas gores you!
Spoiler Alert: The catoblepas can petrify you with its breath!
You take 7 damage, and have 40/98 hp.
You now have 14/26 mp.
You are too injured to fight recklessly!
You are too injured to fight recklessly!
You hit the catoblepas.
The catoblepas is engulfed in noxious fumes.
The catoblepas appears confused.
Your magical contamination has completely faded away.
Spoiler Alert: The catoblepas (confused) can petrify you with its breath!
Casting: Mephitic Cloud (safe; 1% risk of failure)
Confirm with . or Enter, or press ? or * to list all spells.
You don't know that spell.
Spoiler Alert: The catoblepas (confused) can petrify you with its breath!
Casting: Mephitic Cloud (safe; 1% risk of failure)
Confirm with . or Enter, or press ? or * to list all spells.
You don't know that spell.
Spoiler Alert: The catoblepas (confused) can petrify you with its breath!
Unknown command.
Spoiler Alert: The catoblepas (confused) can petrify you with its breath!
Casting: Mephitic Cloud (safe; 1% risk of failure)
Confirm with . or Enter, or press ? or * to list all spells.
You ignite the poison in your surroundings!
The vampire mosquito is engulfed in blazing flames.
The catoblepas is engulfed in blazing flames.
The vampire mosquito is engulfed in blazing flames.
Spoiler Alert: The catoblepas (confused) can petrify you with its breath!
You now have 11/26 mp.
The vampire mosquito is engulfed in blazing flames.
The catoblepas gores the vampire mosquito.
The catoblepas gores itself.
The vampire mosquito is engulfed in blazing flames.
Spoiler Alert: The catoblepas (confused) can petrify you with its breath!
The vampire mosquito is engulfed in blazing flames.
Spoiler Alert: The catoblepas (confused) can petrify you with its breath!
The vampire mosquito is engulfed in blazing flames. x2
Spoiler Alert: The catoblepas (confused) can petrify you with its breath!
You are too injured to fight recklessly!
Spoiler Alert: The catoblepas (confused) can petrify you with its breath!
You are too injured to fight recklessly!
Spoiler Alert: The catoblepas (confused) can petrify you with its breath!
You hit the catoblepas.
You bite the catoblepas, but do no damage.
The catoblepas seems less confused.
The vampire mosquito is engulfed in blazing flames. x2
The catoblepas is engulfed in blazing flames.
The catoblepas gores you but does no damage.
Spoiler Alert: The catoblepas can petrify you with its breath!
You hit the catoblepas but do no damage.
The catoblepas gores you but does no damage.
You hit the catoblepas.
You hit the catoblepas but do no damage.
You bite the catoblepas, but do no damage.
You block the catoblepas's attack.
Spoiler Alert: The catoblepas can petrify you with its breath!
You hit the catoblepas but do no damage.
The vampire mosquito is no longer petrified.
You block the catoblepas's attack.
The vampire mosquito is engulfed in blazing flames.
You hit the catoblepas but do no damage.
Lightning courses through the catoblepas!
You bite the catoblepas, but do no damage.
The catoblepas closely misses you.
Spoiler Alert: The catoblepas can petrify you with its breath!
You hit the catoblepas but do no damage.
The vampire mosquito bites you. x2
The catoblepas breathes a plume of calcifying dust at you.
The blast of calcifying dust hits you!
* * * LOW HITPOINT WARNING * * *
You take 13 damage, and have 29/98 hp.
The vampire mosquito attacks as you move away!
The vampire mosquito barely misses you.
The vampire mosquito is engulfed in calcifying dust.
The vampire mosquito is moving more slowly.
You block the vampire mosquito's attack.
The catoblepas gores you!
* * * LOW HITPOINT WARNING * * *
Spoiler Alert: The catoblepas can petrify you with its breath!
You take 13 damage, and have 16/98 hp.
You hit the catoblepas but do no damage.
The vampire mosquito is engulfed in calcifying dust.
The vampire mosquito stops moving altogether!
You hit the catoblepas but do no damage.
The vampire mosquito is engulfed in calcifying dust.
The catoblepas gores you.
* * * LOW HITPOINT WARNING * * *
Spoiler Alert: The catoblepas can petrify you with its breath!
You take 5 damage, and have 11/98 hp.
You hit the catoblepas.
The vampire mosquito is engulfed in calcifying dust. x2
The catoblepas gores you!
You die...

......................###........
...............................".
.................................
.................................
..###............................
..# #..........>.................
..###...)........................
.................................
................@................
....[..........Yy§§§§§§..=.......
.......§.....†.(.(....###........
.......).......°☼○.(..# ....
.............$.°......# ...
...............☼.°...... ..
..........###...........
..........# #...........
..........# #...........


You could see a catoblepas and a vampire mosquito (petrified).

Vanquished Creatures
  Gastronok (D:8)
  A minotaur (Gauntlet)
  A green death (Gauntlet)
  A hydra (D:11)
  2 boulder beetles
  A two-headed ogre (D:11)
  Sonja (D:10)
  2 ugly things
  A deep elf pyromancer (D:12)
  A cyclops (D:13)
  3 large abominations (Gauntlet)
  Maurice (D:10)
  2 gargoyles
  An unseen horror (D:11)
  2 rime drakes (D:13)
  2 efreet (D:13)
  Psyche (D:9)
  A troll (D:11)
  6 slime creatures (D:12)
  2 hornets
  Prince Ribbit (D:7)
  5 shadows
  5 wraiths
  21 yaks
  A basilisk (D:13)
  2 wyverns
  Grum (D:8)
  Menkaure (D:7)
  An acid dragon (D:9)
  2 vampire mosquitoes (D:13)
  Duvessa (D:7)
  A water moccasin (D:9)
  5 orc warriors
  An ice beast (D:6)
  3 black bears
  2 wolves
  3 ogres
  2 centaurs
  A phantom (D:7)
  4 kobold brigands
  A bullfrog (D:7)
  A gnoll sergeant (D:8)
  A necrophage (D:6)
  2 scorpions
  9 wights
  6 small abominations (Gauntlet)
  Dowan (D:7)
  3 howler monkeys (D:9)
  7 orc priests
  3 hounds
  A jelly (D:6)
  Crazy Yiuf (D:3)
  A gnoll shaman (D:8)
  Jessica (D:2)
  14 orc wizards
  Ijyb (D:5)
  Terence (D:2)
  Natasha (twice) (D:2)
  5 iguanas
  Robin (D:3)
  9 gnolls
  4 adders
  A shadow imp (D:6)
  2 white imps (D:7)
  2 worms
  2 dart slugs
  50 orcs
  5 bats
  11 endoplasms
  4 giant cockroaches
  11 hobgoblins
  23 kobolds
  5 quokkas
  5 ball pythons
  3 frilled lizards
  13 goblins
  5 rats
313 creatures vanquished.

Vanquished Creatures (collateral kills)
  Fannar (D:12)
1 creature vanquished.

Vanquished Creatures (others)
  14 demonic plants (Gauntlet)
  2 plants
16 creatures vanquished.

Grand Total: 330 creatures vanquished

Notes
Turn   | Place    | Note
-------+----------+-------------------------------------------
     0 | D:1      | IndexError the Gnoll Ice Elementalist began the quest for
                  | the Orb.
     0 | D:1      | Reached XP level 1. HP: 13/13 MP: 6/6
   121 | D:1      | Found Neh Ydo's Assorted Antiques.
   166 | D:1      | Found Kilerecan's Book Emporium.
   265 | D:1      | Found Lixzey's Jewellery Emporium.
   563 | D:1      | Found Moisch's Assorted Antiques.
   604 | D:1      | Reached XP level 2. HP: 15/20 MP: 7/7
   721 | D:1      | Found Vobb's Antique Armour Shoppe.
   744 | D:1      | Found a faded altar of an unknown god.
   909 | D:2      | Noticed Natasha
   916 | D:2      | Killed Natasha
   917 | D:2      | Reached skill level 5 in Spellcasting
   917 | D:2      | Reached XP level 3. HP: 18/25 MP: 4/9
   925 | D:1      | Learned a level 3 spell: Frozen Ramparts
   929 | D:1      | Learned a level 3 spell: Ozocubu's Armour
  1181 | D:2      | Reached skill level 1 in Invocations
  1185 | D:2      | Noticed Terence
  1201 | D:2      | Killed Terence
  1202 | D:2      | Reached skill level 1 in Fighting
  1202 | D:2      | Reached skill level 1 in Short Blades
  1202 | D:2      | Reached skill level 1 in Long Blades
  1202 | D:2      | Reached skill level 1 in Axes
  1202 | D:2      | Reached skill level 1 in Maces & Flails
  1202 | D:2      | Reached skill level 1 in Polearms
  1202 | D:2      | Reached skill level 1 in Staves
  1202 | D:2      | Reached skill level 1 in Slings
  1202 | D:2      | Reached skill level 1 in Bows
  1202 | D:2      | Reached skill level 1 in Crossbows
  1202 | D:2      | Reached skill level 1 in Throwing
  1202 | D:2      | Reached skill level 1 in Armour
  1202 | D:2      | Reached skill level 1 in Shields
  1202 | D:2      | Reached skill level 1 in Unarmed Combat
  1202 | D:2      | Reached skill level 1 in Evocations
  1202 | D:2      | Reached XP level 4. HP: 26/32 MP: 1/11
  1340 | D:2      | Noticed Natasha
  1349 | D:2      | Killed Natasha
  1350 | D:2      | Reached skill level 1 in Conjurations
  1350 | D:2      | Reached skill level 1 in Hexes
  1350 | D:2      | Reached skill level 1 in Summonings
  1350 | D:2      | Reached skill level 1 in Necromancy
  1350 | D:2      | Reached skill level 1 in Translocations
  1350 | D:2      | Reached skill level 1 in Transmutations
  1350 | D:2      | Reached skill level 1 in Fire Magic
  1350 | D:2      | Reached skill level 1 in Air Magic
  1350 | D:2      | Reached skill level 1 in Earth Magic
  1350 | D:2      | Reached skill level 1 in Poison Magic
  1428 | D:2      | Noticed Jessica
  1437 | D:2      | Killed Jessica
  1438 | D:2      | Reached XP level 5. HP: 34/37 MP: 9/12
  2521 | D:3      | Noticed Robin
  2717 | D:3      | Killed Robin
  3030 | D:3      | Found Papyczy's Magic Scroll Boutique.
  3110 | D:3      | Reached XP level 6. HP: 44/44 MP: 13/13
  3125 | D:3      | Reached skill level 2 in Invocations
  3369 | D:3      | Found a runed translucent door.
  3370 | D:3      | Noticed Crazy Yiuf
  3537 | D:3      | Paralysed by Crazy Yiuf for 3 turns
  3541 | D:3      | Killed Crazy Yiuf
  4003 | D:4      | Found a shimmering altar of Xom.
  4063 | D:4      | Reached skill level 5 in Dodging
  4196 | D:4      | Reached skill level 2 in Fighting
  4196 | D:4      | Reached skill level 2 in Short Blades
  4196 | D:4      | Reached skill level 2 in Long Blades
  4196 | D:4      | Reached skill level 2 in Axes
  4196 | D:4      | Reached skill level 2 in Maces & Flails
  4196 | D:4      | Reached skill level 2 in Polearms
  4196 | D:4      | Reached skill level 2 in Staves
  4196 | D:4      | Reached skill level 2 in Slings
  4196 | D:4      | Reached skill level 2 in Bows
  4196 | D:4      | Reached skill level 2 in Crossbows
  4196 | D:4      | Reached skill level 2 in Throwing
  4196 | D:4      | Reached skill level 2 in Armour
  4196 | D:4      | Reached skill level 2 in Shields
  4196 | D:4      | Reached skill level 2 in Unarmed Combat
  4196 | D:4      | Reached skill level 2 in Evocations
  4380 | D:4      | Found a blossoming altar of Fedhas.
  4502 | D:4      | Found a stormy altar of Qazlal.
  4504 | D:4      | Noticed a water elemental
  4505 | D:4      | Noticed an air elemental
  4505 | D:4      | Noticed a fire elemental
  4537 | D:5      | Entered Level 5 of the Dungeon
  4726 | D:5      | Found a shimmering blue altar of Sif Muna.
  4821 | D:5      | Noticed Ijyb
  4935 | D:5      | Reached XP level 7. HP: 23/50 MP: 8/15
  5228 | D:5      | Found a bloodstained altar of Trog.
  5243 | D:5      | Reached skill level 2 in Conjurations
  5243 | D:5      | Reached skill level 2 in Hexes
  5243 | D:5      | Reached skill level 2 in Summonings
  5243 | D:5      | Reached skill level 2 in Necromancy
  5243 | D:5      | Reached skill level 2 in Translocations
  5243 | D:5      | Reached skill level 2 in Transmutations
  5243 | D:5      | Reached skill level 2 in Fire Magic
  5243 | D:5      | Reached skill level 2 in Air Magic
  5243 | D:5      | Reached skill level 2 in Earth Magic
  5243 | D:5      | Reached skill level 2 in Poison Magic
  5246 | D:5      | Reached skill level 5 in Stealth
  5548 | D:5      | Killed Ijyb
  5549 | D:5      | Reached skill level 3 in Invocations
  5842 | D:6      | Reached XP level 8. HP: 57/57 MP: 16/16
  5993 | D:6      | Reached skill level 3 in Fighting
  5993 | D:6      | Reached skill level 3 in Short Blades
  5993 | D:6      | Reached skill level 3 in Long Blades
  5993 | D:6      | Reached skill level 3 in Axes
  5993 | D:6      | Reached skill level 3 in Maces & Flails
  5993 | D:6      | Reached skill level 3 in Polearms
  5993 | D:6      | Reached skill level 3 in Staves
  5993 | D:6      | Reached skill level 3 in Slings
  5993 | D:6      | Reached skill level 3 in Bows
  5993 | D:6      | Reached skill level 3 in Crossbows
  5993 | D:6      | Reached skill level 3 in Throwing
  5993 | D:6      | Reached skill level 3 in Armour
  5993 | D:6      | Reached skill level 3 in Shields
  5993 | D:6      | Reached skill level 3 in Unarmed Combat
  5993 | D:6      | Reached skill level 3 in Evocations
  6001 | D:6      | Reached skill level 6 in Spellcasting
  6182 | D:6      | Found a staircase to the Ecumenical Temple.
  6190 | Temple   | Entered the Ecumenical Temple
  6399 | D:6      | Found a shadowy altar of Dithmenos.
  6436 | D:6      | Identified the +1 helmet "Kah Epigh" {Str+2}
  6939 | D:7      | Noticed Duvessa
  6939 | D:7      | Noticed Dowan
  7000 | D:7      | Reached skill level 3 in Conjurations
  7000 | D:7      | Reached skill level 3 in Hexes
  7000 | D:7      | Reached skill level 3 in Summonings
  7000 | D:7      | Reached skill level 3 in Necromancy
  7000 | D:7      | Reached skill level 3 in Translocations
  7000 | D:7      | Reached skill level 3 in Transmutations
  7000 | D:7      | Reached skill level 3 in Fire Magic
  7000 | D:7      | Reached skill level 3 in Air Magic
  7000 | D:7      | Reached skill level 3 in Earth Magic
  7000 | D:7      | Reached skill level 3 in Poison Magic
  7000 | D:7      | Reached skill level 4 in Invocations
  7096 | D:7      | Found a sacrificial altar of Ru.
  7134 | D:7      | Noticed Prince Ribbit
  7139 | D:7      | Killed Prince Ribbit
  7140 | D:7      | Reached skill level 6 in Dodging
  7140 | D:7      | Reached XP level 9. HP: 51/65 MP: 11/18
  7492 | D:7      | Reached skill level 4 in Fighting
  7492 | D:7      | Reached skill level 4 in Short Blades
  7492 | D:7      | Reached skill level 4 in Long Blades
  7492 | D:7      | Reached skill level 4 in Axes
  7492 | D:7      | Reached skill level 4 in Maces & Flails
  7492 | D:7      | Reached skill level 4 in Polearms
  7492 | D:7      | Reached skill level 4 in Staves
  7492 | D:7      | Reached skill level 4 in Slings
  7492 | D:7      | Reached skill level 4 in Bows
  7492 | D:7      | Reached skill level 4 in Crossbows
  7492 | D:7      | Reached skill level 4 in Throwing
  7492 | D:7      | Reached skill level 4 in Armour
  7492 | D:7      | Reached skill level 4 in Shields
  7492 | D:7      | Reached skill level 4 in Unarmed Combat
  7492 | D:7      | Reached skill level 4 in Evocations
  7681 | D:7      | Reached skill level 6 in Stealth
  7681 | D:7      | Reached skill level 8 in Ice Magic
  7771 | D:7      | Noticed Menkaure
  7951 | D:7      | Found an iron altar of Okawaru.
  8136 | D:7      | Killed Menkaure
  8251 | D:7      | Found a broken altar of Ashenzari.
  8254 | D:7      | Found a radiant altar of Vehumet.
  8307 | D:7      | Reached skill level 5 in Invocations
  8314 | D:7      | Became a worshipper of Ashenzari the Shackled
  8441 | D:7      | Found an ancient bone altar of Kikubaaqudgha.
  8667 | D:7      | Killed Duvessa
  8669 | D:7      | Killed Dowan
  8742 | D:8      | Noticed Gastronok
  8742 | D:8      | Noticed Grum
  8823 | D:8      | Found a staircase to the Lair.
  8835 | D:8      | Identified a scroll of acquirement
  8835 | D:8      | Acquired the amulet "Waobreec" {Reflect rF+ rN+ Str+2 Dex+3
                  | SH+5}
  8888 | D:8      | HP: 15/66 [Gastronok (7)]
  8901 | D:8      | Killed Gastronok
  8902 | D:8      | Reached skill level 5 in Fighting
  8902 | D:8      | Reached skill level 5 in Short Blades
  8902 | D:8      | Reached skill level 5 in Long Blades
  8902 | D:8      | Reached skill level 5 in Axes
  8902 | D:8      | Reached skill level 5 in Maces & Flails
  8902 | D:8      | Reached skill level 5 in Polearms
  8902 | D:8      | Reached skill level 5 in Staves
  8902 | D:8      | Reached skill level 5 in Slings
  8902 | D:8      | Reached skill level 5 in Bows
  8902 | D:8      | Reached skill level 5 in Crossbows
  8902 | D:8      | Reached skill level 5 in Throwing
  8902 | D:8      | Reached skill level 5 in Armour
  8902 | D:8      | Reached skill level 5 in Shields
  8902 | D:8      | Reached skill level 5 in Unarmed Combat
  8902 | D:8      | Reached skill level 7 in Spellcasting
  8902 | D:8      | Reached skill level 4 in Conjurations
  8902 | D:8      | Reached skill level 4 in Hexes
  8902 | D:8      | Reached skill level 4 in Summonings
  8902 | D:8      | Reached skill level 4 in Necromancy
  8902 | D:8      | Reached skill level 4 in Translocations
  8902 | D:8      | Reached skill level 4 in Transmutations
  8902 | D:8      | Reached skill level 4 in Fire Magic
  8902 | D:8      | Reached skill level 4 in Air Magic
  8902 | D:8      | Reached skill level 4 in Earth Magic
  8902 | D:8      | Reached skill level 4 in Poison Magic
  8902 | D:8      | Reached skill level 5 in Evocations
  8902 | D:8      | Reached XP level 10. HP: 20/74 MP: 20/20
  9244 | D:8      | Reached skill level 7 in Dodging
  9405 | D:1      | Bought a scroll labelled ECHOLA YRISCH for 17 gold pieces
  9405 | D:1      | Bought a scroll labelled ZULLEYQAILYRO for 17 gold pieces
  9763 | D:8      | Killed Grum
 10281 | D:8      | Reached skill level 6 in Invocations
 10284 | D:8      | Reached skill level 7 in Stealth
 10971 | D:9      | Noticed Psyche
 10992 | D:9      | Killed Psyche
 11070 | D:9      | Found Bupigg's Antique Weapon Emporium.
 11481 | D:9      | Reached XP level 11. HP: 67/81 MP: 15/22
 11587 | D:9      | Found Pylaong's Armour Shoppe.
 11617 | D:9      | Found Maikli's Weapon Emporium.
 11630 | D:9      | Paralysed by a hornet for 3 turns
 11800 | D:9      | Found a glowing silver altar of Zin.
 11802 | D:9      | Noticed an angel
 11803 | D:9      | Found a burning altar of Makhleb.
 11804 | D:9      | Noticed an Executioner
 11884 | D:9      | Reached skill level 6 in Fighting
 11884 | D:9      | Reached skill level 6 in Short Blades
 11884 | D:9      | Reached skill level 6 in Long Blades
 11884 | D:9      | Reached skill level 6 in Axes
 11884 | D:9      | Reached skill level 6 in Maces & Flails
 11884 | D:9      | Reached skill level 6 in Polearms
 11884 | D:9      | Reached skill level 6 in Staves
 11884 | D:9      | Reached skill level 6 in Slings
 11884 | D:9      | Reached skill level 6 in Bows
 11884 | D:9      | Reached skill level 6 in Crossbows
 11884 | D:9      | Reached skill level 6 in Throwing
 11884 | D:9      | Reached skill level 6 in Armour
 11884 | D:9      | Reached skill level 6 in Shields
 11884 | D:9      | Reached skill level 6 in Unarmed Combat
 11884 | D:9      | Reached skill level 6 in Evocations
 11888 | D:9      | Reached skill level 5 in Conjurations
 11888 | D:9      | Reached skill level 5 in Hexes
 11888 | D:9      | Reached skill level 5 in Summonings
 11888 | D:9      | Reached skill level 5 in Necromancy
 11888 | D:9      | Reached skill level 5 in Translocations
 11888 | D:9      | Reached skill level 5 in Transmutations
 11888 | D:9      | Reached skill level 5 in Fire Magic
 11888 | D:9      | Reached skill level 5 in Air Magic
 11888 | D:9      | Reached skill level 5 in Earth Magic
 11888 | D:9      | Reached skill level 5 in Poison Magic
 11898 | D:9      | Reached skill level 8 in Spellcasting
 12181 | D:9      | Acquired a +0 buckler of cold resistance
 12334 | D:10     | Entered Level 10 of the Dungeon
 12388 | D:10     | Learned a level 2 spell: Blink
 12391 | D:10     | Learned a level 2 spell: Ensorcelled Hibernation
 12397 | D:10     | Learned a level 5 spell: Freezing Cloud
 12401 | D:10     | Learned a level 3 spell: Mephitic Cloud
 12405 | D:10     | Learned a level 3 spell: Ignite Poison
 12409 | D:10     | Learned a level 3 spell: Stone Arrow
 12471 | D:10     | Found a portal to a secret trove of treasure.
 12526 | D:10     | Noticed Sonja
 12537 | D:10     | Killed Sonja
 13117 | D:10     | Found a staircase to the Orcish Mines.
 13237 | D:10     | Reached skill level 9 in Ice Magic
 13237 | D:10     | Reached skill level 7 in Invocations
 13240 | D:10     | Reached skill level 8 in Dodging
 13552 | D:10     | Noticed Maurice
 13564 | D:10     | Killed Maurice
 13613 | D:10     | Noticed a brown ugly thing
 13626 | D:10     | Killed a brown ugly thing
 14123 | D:11     | Noticed a two-headed ogre
 14129 | D:11     | Killed a two-headed ogre
 14130 | D:11     | Reached skill level 8 in Stealth
 14288 | D:11     | Reached XP level 12. HP: 89/89 MP: 17/24
 14347 | D:11     | Found a broken altar of Ashenzari.
 14675 | D:11     | Noticed an eight-headed hydra
 14696 | D:11     | Killed an eight-headed hydra
 14994 | D:12     | Noticed a boulder beetle
 14997 | D:12     | Reached skill level 7 in Fighting
 14997 | D:12     | Reached skill level 7 in Short Blades
 14997 | D:12     | Reached skill level 7 in Long Blades
 14997 | D:12     | Reached skill level 7 in Axes
 14997 | D:12     | Reached skill level 7 in Maces & Flails
 14997 | D:12     | Reached skill level 7 in Polearms
 14997 | D:12     | Reached skill level 7 in Staves
 14997 | D:12     | Reached skill level 7 in Slings
 14997 | D:12     | Reached skill level 7 in Bows
 14997 | D:12     | Reached skill level 7 in Crossbows
 14997 | D:12     | Reached skill level 7 in Throwing
 14997 | D:12     | Reached skill level 7 in Armour
 14997 | D:12     | Reached skill level 7 in Shields
 14997 | D:12     | Reached skill level 7 in Unarmed Combat
 14997 | D:12     | Reached skill level 7 in Evocations
 15062 | D:12     | Found Ybasmueq's Jewellery Shop.
 15459 | D:12     | Killed a boulder beetle
 15460 | D:12     | Reached skill level 6 in Conjurations
 15460 | D:12     | Reached skill level 6 in Hexes
 15460 | D:12     | Reached skill level 6 in Summonings
 15460 | D:12     | Reached skill level 6 in Necromancy
 15460 | D:12     | Reached skill level 6 in Translocations
 15460 | D:12     | Reached skill level 6 in Transmutations
 15460 | D:12     | Reached skill level 6 in Fire Magic
 15460 | D:12     | Reached skill level 6 in Air Magic
 15460 | D:12     | Reached skill level 6 in Earth Magic
 15460 | D:12     | Reached skill level 6 in Poison Magic
 15607 | D:12     | Noticed Fannar
 15641 | D:12     | Killed Fannar
 15642 | D:12     | Reached skill level 8 in Invocations
 15895 | D:12     | Found Tete's Antique Weapon Shoppe.
 16074 | D:12     | Reached skill level 9 in Spellcasting
 16160 | D:12     | Found Jemekil's General Store.
 16170 | D:12     | Bought the +2 ring mail "Ruum" {rF+ Will++} for 546 gold
                  | pieces
 16260 | D:12     | Found Nur Lotib's General Store.
 16293 | D:12     | Found Sizeadis's Distillery.
 16549 | D:13     | Found a gate leading to a gauntlet.
 16576 | Gauntlet | Entered a Gauntlet
 16576 | Gauntlet | Found a runed translucent door.
 16576 | Gauntlet | Found a transporter.
 16576 | Gauntlet | Found a runed translucent door.
 16576 | Gauntlet | Found a transporter.
 16582 | Gauntlet | Found a transporter.
 16584 | Gauntlet | Noticed a soul eater
 16589 | Gauntlet | Noticed a soul eater
 16594 | Gauntlet | Found a transporter.
 16612 | Gauntlet | Found a transporter.
 16612 | Gauntlet | Found a transporter.
 16614 | Gauntlet | Found a transporter.
 16614 | Gauntlet | Found a transporter.
 16615 | Gauntlet | Found a transporter.
 16617 | Gauntlet | Noticed a green death
 16619 | Gauntlet | Noticed a green death
 16628 | Gauntlet | Found a transporter.
 16646 | Gauntlet | Found a transporter.
 16656 | Gauntlet | Found a transporter.
 16670 | Gauntlet | Found a transporter.
 16690 | Gauntlet | Found a transporter.
 16690 | Gauntlet | Found the +3 pair of seven-league boots {Rampage+∞}
 17238 | Gauntlet | Identified the ring "Jukaer" {Wiz Fly}
 17278 | Gauntlet | Killed a green death
 17426 | Gauntlet | Identified the +2 helmet "Necs" {Will+}
 17499 | Gauntlet | Noticed a minotaur
 17512 | Gauntlet | Killed a minotaur
 17513 | Gauntlet | Reached skill level 9 in Dodging
 17881 | D:13     | Noticed a boulder beetle
 17896 | D:13     | Killed a boulder beetle
 18075 | D:13     | Reached skill level 8 in Staves
 18196 | D:13     | Reached skill level 9 in Stealth
 18196 | D:13     | Reached XP level 13. HP: 98/98 MP: 26/26
 18242 | D:13     | HP: 16/98 [catoblepas (14)]
 18245 | D:13     | Mangled by a catoblepas

Illustrated notes

Levels and vault maps discovered:
D:1:      roderic_octagonal_star, layout_loops_cross, serial_shops, shop_statue,
          nicolae_square_shop, nicolae_shop_hallway_stairs,
          nicolae_shop_overgrown_old_shop, nicolae_shop_hallway_stairs,
          shapermc_ecumenical_altar_mp_urbaneastern, minmay_pentomino_u2
D:2:      layout_loops_ring, uniq_terence, uniq_jessica, uniq_natasha
D:3:      layout_basic, serial_shops, shop_scrolls, uniq_crazy_yiuf_cottage,
          uniq_robin
D:4:      layout_basic, nicolae_qazlal_style_of_elements,
          mainiacjoe_overflow_concentric_impassable, fedhas_altar_fruit_tree
D:5:      layout_basic, trog_ov_bears_minmay, mainiacjoe_overflow_paths,
          small_statue_intersection, chequers_serial_rivers_room_a, uniq_ijyb
D:6:      layout_basic, grunt_dithmenos_smoke_and_mirrors,
          minmay_temple_entry_mist
D:7:      layout_rooms, kennysheep_okawaru_gauntlet,
          mainiacjoe_overflow_big_doors, mainiacjoe_overflow_catwalk_spiral,
          uniq_menkaure, uniq_duvessa, uniq_prince_ribbit1
D:8:      layout_gridville, dpeg_oklobed_lair, hex_tiny, kennysheep_dice,
          uniq_gastronok, uniq_grum
D:9:      layout_cave_pools, grunt_temple_overflow_order_and_chaos_2,
          serial_shops, shop, nicolae_shop_hallway_plus, nicolae_diamond_shop,
          minmay_puff, uniq_psyche
D:10:     layout_basic, hiddenorc2_lemuel, nicolae_trove_entry_crossroad,
          uniq_sonja, uniq_maurice
D:11:     layout_irregular_city, nicolae_ashenzari_panopticon
D:12:     layout_long_grid, serial_shops, nicolae_stop_n_shop_2,
          nicolae_shop_stone, nicolae_shop_stone, nicolae_lakefront_shop,
          minmay_tree_intersection, nicolae_inconvenience_store, uniq_fannar
D:13:     layout_big_octagon, portal_ice_cave_rime, gauntlet_entry_generic,
          st_stairs_11
Temple:   nicolae_temple_figure_zero

Skill      XL: |  1  2  3  4  5  6  7  8  9 10 11 12 |
---------------+-------------------------------------+-----
Spellcasting   | 5 6 7 8 9 |  9.4
Invocations    | 1 2 3 4 5 6 7 8 |  8.6
Fighting       | 1 2 3 5 6 7 |  7.8
Short Blades   | 1 2 3 5 6 7 |  7.8
Long Blades    | 1 2 3 5 6 7 |  7.8
Axes           | 1 2 3 5 6 7 |  7.8
Maces & Flails | 1 2 3 5 6 7 |  7.8
Polearms       | 1 2 3 5 6 7 |  7.8
Staves         | 1 2 3 5 6 8 |  8.0
Slings         | 1 2 3 5 6 7 |  7.8
Bows           | 1 2 3 5 6 7 |  7.8
Crossbows      | 1 2 3 5 6 7 |  7.8
Throwing       | 1 2 3 5 6 7 |  7.8
Armour         | 1 2 3 5 6 7 |  7.8
Shields        | 1 2 3 5 6 7 |  7.8
Unarmed Combat | 1 2 3 5 6 7 |  7.8
Evocations     | 1 2 3 5 6 7 |  7.8
Conjurations   | 1 2 3 4 5 6 |  6.5
Hexes          | 1 2 3 4 5 6 |  6.5
Summonings     | 1 2 3 4 5 6 |  6.5
Necromancy     | 1 2 3 4 5 6 |  6.5
Translocations | 1 2 3 4 5 6 |  6.5
Transmutations | 1 2 3 4 5 6 |  6.5
Fire Magic     | 1 2 3 4 5 6 |  6.5
Air Magic      | 1 2 3 4 5 6 |  6.5
Earth Magic    | 1 2 3 4 5 6 |  6.5
Poison Magic   | 1 2 3 4 5 6 |  6.5
Dodging        | 5 6 7 8 9 |  9.4
Stealth        | 5 6 7 8 9 |  9.0
Ice Magic      | 8 9 |  9.7

Action                   |  1- 3 |  4- 6 |  7- 9 | 10-12 | 13-15 || total
-------------------------+-------+-------+-------+-------+-------++-------
Melee: Dagger            |    18 |     4 |       |       |       ||    22
       Bite              |     2 |    15 |    35 |    84 |     4 ||   140
       Falchion          |       |   121 |   225 |   223 |       ||   569
       Punch             |       |       |    10 |     6 |       ||    16
       Unarmed           |       |       |     1 |       |       ||     1
       Whip              |       |       |       |   322 |    15 ||   337
Throw: Javelin           |     9 |    30 |       |    13 |     4 ||    56
 Cast: Freeze            |     9 |     7 |       |       |       ||    16
       Ozocubu's Armour  |     1 |     8 |    17 |    40 |       ||    66
       Frozen Ramparts   |     1 |     7 |    20 |    42 |       ||    70
       Freezing Cloud    |       |       |       |     1 |     1 ||     2
       Mephitic Cloud    |       |       |       |     1 |     1 ||     2
       Ignite Poison     |       |       |       |     1 |     1 ||     2
Invok: Curse Item        |       |       |       |     1 |       ||     1
Evoke: Wand              |       |       |     4 |     2 |       ||     6
       Box of beasts     |       |       |       |     1 |       ||     1
  Use: Scroll            |       |       |     4 |    22 |       ||    26
       Potion            |       |       |       |     6 |       ||     6
 Stab: Sleeping          |     5 |       |     2 |     8 |       ||    15
       Distracted        |       |       |       |     1 |       ||     1
Armor: Robe              |     2 |    35 |    39 |       |       ||    76
       Leather armour    |       |       |    91 |   133 |       ||   224
       Ring mail         |       |       |       |    25 |     5 ||    30
Dodge: Dodged            |     9 |    65 |   176 |   278 |     5 ||   533
Block: Other             |       |       |       |    65 |       ||    65
       Reflection        |       |       |       |     9 |       ||     9
       Buckler           |       |       |       |   175 |     9 ||   184

Table legend: (Time is in decaauts)
 A = Elapsed time spent in this place.
 B = Non-inter-level travel time spent in this place.
 C = Inter-level travel time spent in this place.
 D = Time resting spent in this place.
 E = Time spent auto-exploring this place.
 F = Levels seen in this place.
 G = Mean time per level.
                   A        B        C        D        E       F      G
               +--------+--------+--------+--------+--------+-----+--------+
         Total |  18300 |  16678 |   1622 |     70 |  13408 |  15 | 1220.0 |
       Dungeon |  17027 |  15414 |   1613 |     70 |  12544 |  13 | 1309.8 |
        Temple |    123 |    114 |      9 |      0 |    112 |   1 |  123.0 |
      Gauntlet |   1148 |   1148 |      0 |      0 |    752 |   1 | 1148.0 |
               +--------+--------+--------+--------+--------+-----+--------+

Top non-repeatable levels by time:
     D:7: 2046 daAuts
     D:8: 1783 daAuts
     D:2: 1683 daAuts
    D:10: 1648 daAuts
    D:12: 1458 daAuts
     D:9: 1308 daAuts
     D:6: 1197 daAuts
     D:5: 1187 daAuts
     D:1: 1179 daAuts
Gauntlet: 1148 daAuts
     D:3: 1123 daAuts
    D:11: 1034 daAuts
     D:4: 882 daAuts
    D:13: 495 daAuts
  Temple: 123 daAuts

Table legend:
 A = Kills in this place as a percentage of kills in entire the game.
 B = Kills by you in this place as a percentage of kills by you in the entire game.
 C = Kills by friends in this place as a percentage of kills by friends in the entire game.
 D = Other kills in this place as a percentage of other kills in the entire game.
 E = Experience gained in this place as a percentage of experience gained in the entire game.
 F = Experience gained in this place divided by the number of levels of this place that you have seen.
                   A       B       C       D       E      F
               +-------+-------+-------+-------+-------+----------------------
         Total | 100.0 | 100.0 | 100.0 |   N/A | 100.0 | 2163.9
       Dungeon |  95.5 |  95.5 | 100.0 |   N/A |  86.8 | 2167.8
      Gauntlet |   4.5 |   4.5 |   0.0 |   N/A |  13.2 | 4277.0
               +-------+-------+-------+-------+-------+----------------------
